 Dungeon Crawl Stone Soup version 0.29.0-11-gd7f09526c8 (webtiles) character file.

Game seed: 15071661132172974374

35 RascalDebosk the Shooter (level 3, -1/30 HPs)
             Began as a Minotaur Hunter on Sept 4, 2022.
             Slain by a goblin
             ... wielding a +0 dagger
             ... led by Robin
              (2 damage)
             ... on level 2 of the Dungeon.
             The game lasted 00:10:45 (1094 turns).

RascalDebosk the Shooter (Minotaur Hunter)          Turns: 1094, Time: 00:10:45

Health: -1/30      AC:  6    Str: 15    XL:     3   Next: 16%
Magic:  2/2        EV: 10    Int:  6    God:
Gold:   99         SH:  0    Dex: 15    Spells: 2/2 levels left

rFire   . . .      SeeInvis .   a - +0 shortbow
rCold   . . .      Faith    .   (shield currently unavailable)
rNeg    . . .      Spirit   .   m - +0 scale mail
rPois   .          Reflect  .   (helmet restricted)
rElec   .          Harm     .   (no cloak)
rCorr   .          Rampage  .   (no gloves)
Will    .....                   (no boots)
Stlth   ..........              (no amulet)
HPRegen 0.10/turn               (no ring)
MPRegen 0.08/turn               (no ring)

@: no status effects
A: horns 2, retaliatory headbutt
a: no special abilities


You were on level 2 of the Dungeon.
You visited 1 branch of the dungeon, and saw 2 of its levels.

You collected 99 gold pieces.

Inventory:

Hand Weapons
 a - a +0 shortbow (weapon)
Armour
 m - a +0 scale mail (worn)
Jewellery
 e - a ring of ice
Scrolls
 b - a scroll of immolation
 d - 4 scrolls of identify {unknown}
 j - a scroll of summoning {unknown}
 k - 3 scrolls of enchant weapon {unknown}
Potions
 f - a potion of berserk rage {unknown}
 g - a potion of cancellation {unknown}
 h - a potion of heal wounds {unknown}
 i - a potion of mutation {unknown}
 l - a potion of ambrosia {unknown}


   Skills:
 + Level 2.9 Fighting
 + Level 4.6 Ranged Weapons
 + Level 1.3 Armour
 + Level 2.6 Dodging
 - Level 0.7 Stealth
 + Level 0.9 Evocations


You had 2 spell levels left.
You didn't know any spells.
Your spell library was empty.

Dungeon Overview and Level Annotations

Branches:
Dungeon (2/15)

Altars:

Annotations:
D:2 Robin


Innate Abilities, Weirdness & Mutations

You have a pair of horns on your head.
You reflexively headbutt those who attack you in melee.


Message History

The arrow hits the goblin!
You kill the goblin!
The goblin no longer looks unusually strong.
The quokka bites you.
* * * LOW HITPOINT WARNING * * *
The goblin hits you but does no damage. Robin throws the goblin at you!
A worm comes into view.
Fire: a) +0 shortbow
Press: ? - help, Q - select action Shift-Dir - straight line, f/p - quokka
Aim: a quokka (heavily wounded, 51% to hit)
You shoot an arrow. The arrow hits the quokka.
The quokka is severely wounded.
The goblin no longer looks unusually strong.
The quokka closely misses you.
The goblin hits you but does no damage. x2
The quokka misses you. You furiously retaliate!
You headbutt the quokka!
You kill the quokka!
The goblin barely misses you. The goblin hits you with a +0 club.
* * * LOW HITPOINT WARNING * * *
Fire: a) +0 shortbow
Press: ? - help, Q - select action Shift-Dir - straight line, f - goblin
Aim: a goblin, wielding a +0 club (55% to hit)
You shoot an arrow. The arrow closely misses the goblin.
The goblin misses you. You furiously retaliate!
You headbutt the goblin.
You kill the goblin!
The goblin barely misses you. Robin throws the goblin at you!
The goblin hits you but does no damage. x2
Fire: a) +0 shortbow
Press: ? - help, Q - select action Shift-Dir - straight line, f - goblin
Aim: a goblin, wielding a +0 dagger (strong, 55% to hit)
You shoot an arrow. The arrow misses the goblin.
You hear an angry hiss.
The goblin no longer looks unusually strong.
The goblin hits you with a +0 mace.
* * * LOW HITPOINT WARNING * * *
The goblin hits you but does no damage. The goblin hits you with a +0 dagger.
* * * LOW HITPOINT WARNING * * *
Robin roars a battlecry!
The goblins go into a battle-frenzy!
The goblin closely misses you. The goblin hits you with a +0 dagger.
You die...

.#..
.......####..#
....
##.#.###[.....#
..#. ....#
#.####.# .. .#
#.### #......#
#####.....#
..........#
#####.....#
##gg)## ##@##
#g#


#wg ††## #). #.# #.# ..# You could see a worm, Robin and 3 goblins.

Vanquished Creatures
  3 ball pythons (D:1)
  A bat (D:1)
  An endoplasm (D:1)
  A giant cockroach (D:1)
  4 hobgoblins
  3 jackals (D:1)
  A quokka (D:2)
  3 frilled lizards
  8 goblins
  2 kobolds
  A rat (D:1)
28 creatures vanquished.

Notes
Turn   | Place    | Note
-------+----------+-------------------------------------------
     0 | D:1      | RascalDebosk the Minotaur Hunter began the quest for the
                  | Orb.
     0 | D:1      | Reached XP level 1. HP: 18/18 MP: 0/0
   384 | D:1      | Reached XP level 2. HP: 25/25 MP: 1/1
   388 | D:1      | Found a faded altar of an unknown god.
   574 | D:1      | Reached skill level 1 in Armour
  1079 | D:2      | Noticed Robin
  1089 | D:2      | Reached XP level 3. HP: 19/30 MP: 2/2
  1094 | D:2      | HP: 1/30 [goblin/+0 dagger[Robin] (2)]
  1094 | D:2      | Slain by a goblin

Illustrated notes

Levels and vault maps discovered:
D:1:      eino_arrival_cavern_a, layout_basic,
          hellmonk_ecumenical_altar_heavens_door, minivault_24,
          nrook_mini_backslash, st_stairs_10
D:2:      minmay_evil_eye, layout_loops_ring, chequers_serial_rivers_small_3,
          uniq_robin

Skill      XL: |  1  2 |
---------------+-------+-----
Armour         | 1 |  1.3
Fighting       | |  2.9
Ranged Weapons | |  4.6
Dodging        | |  2.6
Stealth        | |  0.7
Evocations     | |  0.9

Action                   || total
-------------------------++-------
 Fire: Shortbow          ||    62
Armor: Leather armour    ||     2
       Scale mail        ||    19
Dodge: Dodged            ||    25
